 Dungeon Crawl Stone Soup version 0.18-a0-1800-gdc7a371 (webtiles) character file.

25381 TheGoonsmith the Infuser (level 12, -14/66 HPs)
             Began as a Deep Elf Conjurer on Apr 24, 2016.
             Was the Champion of Sif Muna.
             Demolished by a polar bear (17 damage)
             ... in an ice cave.
             The game lasted 00:47:09 (17596 turns).

TheGoonsmith the Infuser (Deep Elf Conjurer)       Turns: 17596, Time: 00:47:11

Health: -14/66     AC:  8    Str:  5    XL:     12   Next: 89%
Magic:  2/38       EV: 17    Int: 29    God:    Sif Muna [******]
Gold:   756        SH:  6    Dex: 17    Spells: 8 memorised, 5 levels left

rFire  + . .     SeeInvis +     s - +1 dagger (venom)
rCold  + . .     Gourm    .     J - +1 leather armour {rC+}
rNeg   + . .     Faith    .     L - +0 buckler
rPois  +         Spirit   .     (no helmet)
rElec  .         Dismiss  .     (no cloak)
rCorr  .         Reflect  .     y - +2 pair of gloves
SustAt .         Harm     .     C - +0 pair of boots of Fortitude {+Inv rN+ MP+9 Stlth+}
MR     +....                    B - amulet of rage
Stlth  +++.......               M - ring "Garogu Onym" {*Drain rPois rF+ Int+5 Slay+5}
                                u - ring of see invisible

@: very slightly contaminated, somewhat resistant to hostile enchantments,
fairly stealthy
A: no striking features
a: Channel Energy, Forget Spell, Renounce Religion, Evoke Berserk Rage, Evoke
Invisibility


You were in an ice cave.
You worshipped Sif Muna.
Sif Muna was exalted by your worship.
You were not hungry.

You visited 3 branches of the dungeon, and saw 16 of its levels.
You also visited: Sewer and Ice Cave.

You collected 756 gold pieces.

Inventory:

Hand Weapons
 g - a +2 dagger of protection
 s - a +1 dagger of venom (weapon)
Armour
 y - a +2 pair of gloves (worn)
 C - the +0 pair of boots of Fortitude (worn) {+Inv rN+ MP+9 Stlth+}
   (You acquired it on level 5 of the Dungeon)

   It protects you from negative energy.
   It affects your magic capacity (+9).
   It lets you turn invisible.
   It makes you more stealthy.
 J - a +1 leather armour of cold resistance (worn)
 L - a +0 buckler (worn)
Magical Staves
 z - an uncursed staff of cold
 G - an uncursed staff of poison
Jewellery
 k - an uncursed ring of stealth {unknown}
 u - a ring of see invisible (left hand)
 B - an amulet of rage (around neck)
 M - the ring "Garogu Onym" (right hand) {*Drain rPois rF+ Int+5 Slay+5}
   (You found it on level 6 of the Dungeon)

   [ring of poison resistance]

   It affects your intelligence (+5).
   It affects your accuracy and damage with ranged weapons and melee attacks
   (+5).
   It protects you from fire.
   It protects you from poison.
   It causes draining when unequipped.
Wands
 b - a wand of confusion (23/48)
Scrolls
 h - 5 scrolls of teleportation
 r - a scroll of enchant armour
 v - 2 scrolls of fog
 K - 5 scrolls of identify
 N - 4 scrolls of magic mapping
 S - 3 scrolls of enchant weapon
 V - 5 scrolls of remove curse
Potions
 a - a potion of resistance
 d - 3 potions of might
 e - a potion of heal wounds
 i - 2 potions of lignification {unknown}
 n - 3 potions of flight
 o - 8 potions of brilliance
 p - 2 potions of curing
 w - a potion of cure mutation
 D - a potion of ambrosia
 E - 4 potions of agility
 W - a potion of magic
Books
 m - Sif Muna's Collected Works on Self-Improvement and the Glacier
   (Sif Muna gifted it to you on level 2 of the Lair of Beasts)

   Spells                             Type                      Level
   a - Shroud of Golubria             Charms/Translocation         2
   b - Song of Slaying                Charms                       2
   c - Ensorcelled Hibernation        Hexes/Ice                    2
   d - Metabolic Englaciation         Hexes/Ice                    5
   e - Haste                          Charms                       6
   f - Death's Door                   Charms/Necromancy            8
 x - a Young Poisoner's Handbook

   Spells                             Type                      Level
   a - Sting                          Conjuration/Poison           1
   b - Cure Poison                    Poison                       2
   c - Mephitic Cloud                 Conjuration/Poison/Air       3
   d - Olgreb's Toxic Radiance        Poison                       4
   e - Venom Bolt                     Conjuration/Poison           5
Miscellaneous
 H - a lamp of fire (inert)
Comestibles
 c - 11 bread rations
 f - 7 meat rations
 j - 10 fruits
 l - a slice of pizza
 t - 9 beef jerkies


   Skills:
 - Level 4.2 Fighting
 - Level 9.0 Dodging
 - Level 2.4 Stealth
 - Level 5.0 Shields
 - Level 11.0 Spellcasting
 - Level 12.0 Conjurations
 - Level 4.0 Hexes
 + Level 12.2 Charms
 - Level 6.6 Summonings
 - Level 5.8 Ice Magic
 - Level 7.0 Invocations


You had 5 spell levels left.
You knew the following spells:

 Your Spells              Type           Power        Failure   Level  Hunger
a - Magic Dart            Conj           ####         1%          1    None
b - Haste                 Chrm           ######..     6%          6    #####..
c - Summon Ice Beast      Ice/Summ       ######..     6%          4    None
d - Tukima's Dance        Hex            #####...     3%          3    None
f - Fulminant Prism       Conj/Hex       ######....   1%          4    None
x - Iskenderun's Mystic   Conj           ######..     1%          4    None
z - Iskenderun's Battles  Conj/Chrm      ######..     1%          5    ###....
A - Summon Butterflies    Summ           ######..     1%          1    None


Dungeon Overview and Level Annotations

Branches:
Dungeon (12/15)            Temple (1/1) D:4            Lair (3/8) D:11
    Orc (0/2) D:9
  Swamp: Lair:3-6    Shoals: Lair:3-6     Snake: Lair:3-6    Spider: Lair:3-6

Altars:
Ashenzari
Cheibriados
Dithmenos
Elyvilon
Fedhas
Gozag
Kikubaaqudgha
Makhleb
Nemelex Xobeh
Okawaru
Pakellas
Qazlal
Ru
Sif Muna
Trog
Vehumet
Xom
Yredelemnul
Zin
The Shining One


Message History

Press: ? - help, Shift-Dir - straight line, f/p - polar bear
Aim: a polar bear (magical condensation, almost dead, berserk, fast, unusually strong)
The orb of energy hits the polar bear.
The polar bear is almost dead.
The orb of energy explodes!
The mystic blast hits the polar bear.
The polar bear is severely wounded.
The polar bear barely misses you. x2; You block the polar bear's attack.
The polar bear bites you.
* * * LOW HITPOINT WARNING * * *
You block the polar bear's attack. The polar bear barely misses you.
Casting: Iskenderun's Mystic Blast
Confirm with . or Enter, or press ? or * to list all spells.
Aiming: Iskenderun's Mystic Blast
Press: ? - help, Shift-Dir - straight line, f/p - polar bear
Aim: a polar bear (magical condensation, almost dead, berserk, fast, unusually strong)
The orb of energy misses the polar bear.
The polar bear barely misses you. The polar bear misses you.
You block the polar bear's attack. The polar bear bites you!
You die...

#### ####
#####..#
##..##
####......##
#.∩..#
.......h#..##
#....##
.....#####..#
#.∩..# ...#
##.## ##...##
## #.h#
#..### ##h#
#..# #@###.##
#..##..#
##.###.#
##.##.##
#.##..#
#.###.#
#.###.##
#..##..#
##.###.##


You could see 2 polar bears.

Vanquished Creatures
  3 hydras
  A queen ant (Lair:1)
  Urug (D:12)
  A hill giant (D:10)
  An ugly thing (D:11)
  A cyclops (D:11)
  An elephant (Lair:2)
  2 black mambas
  7 spiny frogs
  2 komodo dragons
  A polar bear (IceCv)
  A troll (D:11)
  Grinder (D:5)
  3 blink frogs (Lair:3)
  A vampire (D:11)
  3 wraiths
  A wyvern (D:9)
  3 yaks (Lair:1)
  4 basilisks
  Eustachio (D:6)
  11 hippogriffs
  18 soldier ants
  3 water moccasins
  2 porcupines
  4 sky beasts
  3 black bears
  2 orc warriors
  A phantom (D:5)
  11 ice beasts
  3 wasps
  13 ogres
  11 wolves
  A necrophage (D:11)
  9 centaurs
  4 crocodiles
  4 big kobolds
  15 giant frogs
  4 killer bees (D:11)
  5 wights
  3 electric eels (D:11)
  6 howler monkeys
  A centaur zombie (D:12)
  6 crimson imps
  9 hounds
  A wyvern simulacrum (D:11)
  A jelly (D:7)
  2 orc priests
  3 giant frog skeletons
  A centaur skeleton (D:8)
  3 gnoll shamans (D:8)
  Terence (D:4)
  26 worker ants
  Ijyb (D:3)
  7 iguanas
  10 orc wizards
  14 sheep
  2 hound zombies (D:7)
  A worker ant zombie (D:5)
  14 gnolls
  2 howler monkey skeletons
  11 adders
  23 river rats
  A shadow imp (D:5)
  2 oozes
  3 adder zombies
  6 adder skeletons
  3 worms
  2 dart slugs (D:2)
  10 giant geckos
  44 orcs
  5 bats
  14 giant cockroaches
  7 goblins
  7 hobgoblins
  10 jackals
  15 kobolds
  7 quokkas
  2 ball pythons (D:3)
  11 giant newts
  A quokka skeleton (D:5)
  9 rats
470 creatures vanquished.

Vanquished Creatures (collateral kills)
  2 yaks (Lair:1)
  2 soldier ants (Lair:1)
4 creatures vanquished.

Vanquished Creatures (others)
  28 fulminant prisms
  6 fungi (D:8)
  3 plants (D:8)
37 creatures vanquished.

Grand Total: 511 creatures vanquished

Notes
Turn   | Place    | Note
--------------------------------------------------------------
     0 | D:1      | TheGoonsmith the Deep Elf Conjurer began the quest for the Orb.
     0 | D:1      | Reached XP level 1. HP: 10/10 MP: 6/6
     2 | D:1      | Noticed a troll
     2 | D:1      | Noticed a naga
     4 | D:1      | Noticed an elf
     6 | D:1      | Noticed a gargoyle
     6 | D:1      | Noticed a vine stalker
     8 | D:1      | Noticed a human
     8 | D:1      | Noticed an octopode
    10 | D:1      | Noticed a merfolk
    10 | D:1      | Noticed a demigod
    12 | D:1      | Noticed an ogre
    14 | D:1      | Noticed a minotaur
    16 | D:1      | Noticed a felid
    18 | D:1      | Noticed a vampire
    18 | D:1      | Noticed a dwarf
    20 | D:1      | Noticed a halfling
    20 | D:1      | Noticed a tengu
    22 | D:1      | Noticed a ghoul
    22 | D:1      | Noticed a draconian
    24 | D:1      | Noticed a formicid
    24 | D:1      | Noticed a demonspawn
    26 | D:1      | Noticed a centaur
    26 | D:1      | Noticed a spriggan
   162 | D:1      | Reached XP level 2. HP: 15/15 MP: 4/8
   243 | D:1      | Reached skill level 5 in Conjurations
   859 | D:2      | Found a glowing golden altar of the Shining One.
   986 | D:2      | Reached XP level 3. HP: 13/19 MP: 3/9
  1175 | D:3      | Noticed Ijyb
  1402 | D:3      | Learned a level 2 spell: Searing Ray
  1502 | D:3      | Reached XP level 4. HP: 24/24 MP: 1/10
  1834 | D:3      | Killed Ijyb
  2154 | D:3      | Reached XP level 5. HP: 28/28 MP: 5/11
  2242 | D:4      | Found an opulent altar of Gozag.
  2290 | D:4      | Found a staircase to the Ecumenical Temple.
  2310 | Temple   | Entered the Ecumenical Temple
  2365 | D:4      | Noticed Terence
  2382 | D:4      | Killed Terence
  2561 | D:4      | Found a glowing drain.
  2622 | Sewer    | Entered a sewer
  2750 | Sewer    | Reached skill level 5 in Spellcasting
  2930 | Sewer    | Reached XP level 6. HP: 26/32 MP: 9/16
  3292 | D:4      | Learned a level 4 spell: Iskenderun's Mystic Blast
  3298 | D:4      | Learned a level 5 spell: Iskenderun's Battlesphere
  3303 | D:4      | Learned a level 4 spell: Fulminant Prism
  3305 | D:4      | Learned a level 1 spell: Summon Butterflies
  3437 | D:4      | Found a sparkling altar of Nemelex Xobeh.
  3616 | D:4      | Reached XP level 7. HP: 36/36 MP: 7/19
  3735 | D:5      | Entered Level 5 of the Dungeon
  3790 | D:5      | Reached skill level 1 in Charms
  3831 | D:5      | Reached skill level 1 in Hexes
  3844 | D:5      | Identified a scroll of acquirement
  3845 | D:5      | Got a pair of ancient boots
  3851 | D:5      | Identified the +0 pair of boots of Fortitude {+Inv rN+ MP+9 Stlth+} (You acquired it on level 5 of the Dungeon)
  3924 | D:5      | Found a deep blue altar of Sif Muna.
  4006 | D:5      | Became a worshipper of Sif Muna the Loreminder
  4298 | D:5      | Noticed Grinder
  4305 | D:5      | Killed Grinder
  4305 | D:5      | Reached XP level 8. HP: 18/41 MP: 12/20
  4566 | D:5      | Reached * piety under Sif Muna
  5074 | D:6      | Found a white marble altar of Elyvilon.
  5218 | D:6      | Found a blossoming altar of Fedhas.
  5233 | D:6      | Reached skill level 5 in Charms
  5295 | D:6      | Got a coiled golden ring
  5389 | D:6      | Noticed Eustachio
  5403 | D:6      | Killed Eustachio
  5618 | D:7      | Reached skill level 10 in Conjurations
  5862 | D:7      | Reached ** piety under Sif Muna
  6245 | D:7      | Reached XP level 9. HP: 45/45 MP: 22/22
  6586 | D:7      | Reached skill level 1 in Summonings
  7154 | D:8      | Found a radiant altar of Vehumet.
  7217 | D:8      | Reached *** piety under Sif Muna
  7327 | D:8      | Reached skill level 5 in Summonings
  7722 | D:8      | Reached skill level 5 in Invocations
  8039 | D:8      | Found an oddly glowing altar of Pakellas.
  8039 | D:8      | Found a radiant altar of Vehumet.
  8160 | D:8      | Reached XP level 10. HP: 26/50 MP: 8/23
  8760 | D:1      | Identified the ring "Garogu Onym" {*Drain rPois rF+ Int+5 Slay+5} (You found it on level 6 of the Dungeon)
  9410 | D:8      | Learned a level 4 spell: Summon Ice Beast
  9433 | D:8      | Reached skill level 1 in Ice Magic
 10022 | D:9      | Found a staircase to the Orcish Mines.
 10200 | D:9      | Found a shimmering altar of Xom.
 10336 | D:10     | Entered Level 10 of the Dungeon
 10364 | D:10     | Reached **** piety under Sif Muna
 10379 | D:10     | Reached skill level 5 in Ice Magic
 11093 | D:10     | Noticed a hill giant
 11100 | D:10     | Killed a hill giant
 11100 | D:10     | Reached skill level 5 in Dodging
 11544 | D:11     | Found a staircase to the Lair.
 11635 | D:11     | Reached XP level 11. HP: 54/54 MP: 17/24
 12333 | D:11     | Reached skill level 1 in Shields
 12357 | D:11     | Noticed a cyan ugly thing
 12365 | D:11     | Killed a cyan ugly thing
 12669 | D:12     | Noticed Urug
 12704 | D:12     | Killed Urug
 13000 | D:12     | Noticed an eight-headed hydra
 13005 | D:12     | Killed an eight-headed hydra
 13177 | Lair:1   | Entered Level 1 of the Lair of Beasts
 13200 | Lair:1   | Learned a level 3 spell: Tukima's Dance
 13218 | Lair:1   | Reached skill level 5 in Shields
 13240 | Lair:1   | Reached skill level 1 in Fighting
 14578 | Lair:1   | Reached ***** piety under Sif Muna
 14578 | Lair:1   | Reached XP level 12. HP: 33/66 MP: 9/27
 14795 | Lair:1   | Reached skill level 10 in Spellcasting
 15035 | Lair:2   | Noticed an eight-headed hydra
 15041 | Lair:2   | Killed an eight-headed hydra
 15226 | Lair:2   | Noticed a queen ant
 15717 | Lair:1   | Killed a queen ant
 15877 | Lair:1   | Learned a level 6 spell: Haste
 16514 | Lair:2   | Noticed a six-headed hydra
 16522 | Lair:2   | Killed a six-headed hydra
 16522 | Lair:2   | Reached ****** piety under Sif Muna
 16522 | Lair:2   | Received a gift from Sif Muna
 16525 | Lair:2   | Identified Sif Muna's Collected Works on Self-Improvement and the Glacier (Sif Muna gifted it to you on level 2 of the Lair of Beasts)
 17033 | Lair:3   | Reached skill level 10 in Charms
 17352 | Lair:3   | Found a frozen archway.
 17411 | IceCv    | Entered an ice cave
 17594 | IceCv    | HP: 2/66 [polar bear (6)]
 17596 | IceCv    | Demolished by a polar bear

Vault maps used:
D:1:      kb_arrival_jail
D:2:      tso_metal_star
D:3:      uniq_terence, uniq_iyjb
D:4:      lemuel_coloured_pillars_altar, temple_statues, portal_sewer_entry_a,
          grunt_gozag_statues
D:5:      kennysheep_windowed_halls, tgw_sif, first_bread, corexii_shack,
          uniq_grinder
D:6:      lemuel_crystal_altar, kennysheep_mini_moat, uniq_eustachio
D:7:      grunt_ogre_cave, amethyst_killhole
D:8:      kennysheep_seaside_town, gammafunk_temple_overflow_elements,
          lemuel_tele_altar
D:9:      xom_teletrap_fun, orc_0_dummy, grunt_ministairs_9,
          kennysheep_generic_room_13
D:10:     kennysheep_flooded_box, kennysheep_generic_room_2
D:11:     erik_lair_island
D:12:     uniq_josephine, uniq_frances, uniq_urug
Temple:   circular_temple_12
Lair:1:   guppyfry_lair_drakes, grunt_megastairs_2
Lair:2:   minivault_29, lemuel_fruit_tree, serial_bayou_shore_a
Lair:3:   portal_ice_cave_entry_ice_beasts
Sewer:    sewer_frog_island_01
IceCv:    ice_cave_caverns_01

Skill      XL: |  1  2  3  4  5  6  7  8  9 10 11 12 |
---------------+-------------------------------------+-----
Conjurations   | 5 6 7 8 10 12 | 12.0
Spellcasting   | 5 7 9 11 | 11.0
Charms         | 3 6 7 12 | 12.2
Hexes          | 3 4 |  4.0
Summonings     | 5 6 |  6.6
Invocations    | 6 7 |  7.0
Ice Magic      | 5 |  5.8
Dodging        | 7 9 |  9.0
Shields        | 5 |  5.0
Fighting       | 4 |  4.2
Stealth        | |  2.4

Action                   |  1- 3 |  4- 6 |  7- 9 | 10-12 || total
-------------------------+-------+-------+-------+-------++-------
Melee: Dagger            |       |    36 |     5 |    34 ||    75
 Cast: Magic Dart        |    56 |   166 |   301 |   627 ||  1150
       Searing Ray       |     2 |       |     9 |     1 ||    12
       Fulminant Prism   |       |       |     6 |    22 ||    28
       Iskenderun's Batt |       |       |    20 |   109 ||   129
       Summon Butterflie |       |       |     2 |     7 ||     9
       Iskenderun's Myst |       |       |       |    11 ||    11
       Summon Ice Beast  |       |       |       |     4 ||     4
Invok: Channel Energy    |       |       |     3 |     3 ||     6
Evoke: Lamp of fire      |       |       |       |     1 ||     1
  Use: Scroll            |     8 |     1 |     5 |    17 ||    31
       Potion            |       |       |       |     4 ||     4
 Stab: Sleeping          |       |       |     1 |       ||     1
  Eat: Chunk             |     1 |     7 |    19 |    25 ||    52
       Fruit             |       |       |     1 |     2 ||     3
       Royal jelly       |       |       |       |     2 ||     2
       Pizza             |       |       |       |     2 ||     2
       Meat ration       |       |       |       |     2 ||     2
       Bread ration      |       |       |       |     1 ||     1
Armor: Robe              |       |    11 |    37 |       ||    48
       Leather armour    |       |       |       |    82 ||    82
Dodge: Dodged            |     5 |    57 |    81 |   269 ||   412
Block: Buckler           |       |       |       |   103 ||   103
